 Dungeon Crawl Stone Soup version 0.17.1-1-g73c8601 (webtiles) character file.

47430 Implojin the Wrestler (level 14, -25/118 HPs)
             Began as a Troll Fighter on Apr 6, 2016.
             Was a High Priest of Okawaru.
             Killed from afar by a white draconian annihilator (60 damage)
             ... with an iron shot
             ... on level 1 of the Depths.
             The game lasted 00:42:53 (4824 turns).

Implojin the Wrestler (Troll Fighter)               Turns: 4824, Time: 00:42:54

Health: -25/118    AC:  7    Str: 27    XL:     14   Next: 8%
Magic:  15/19      EV: 19    Int:  6    God:    Okawaru [*****.]
Gold:   588        SH: 11    Dex: 18    Spells: 0 memorised, 13 levels left

rFire  . . .     SeeInvis .       - Unarmed
rCold  . . .     Clarity  .     A - +0 robe {MR+}
rNeg   + . .     SustAt   .     t - +0 shield {reflect}
rPois  .         Gourm    +     F - +2 hat
rElec  .         Spirit   .     (no cloak)
rCorr  .         Warding  .     (gloves unavailable)
rMut   .         Rnd*Tele +     (boots unavailable)
MR     ++...                    I - amulet of rage
Stlth  +++.......               R - ring "Omeplir" {rN+ Slay+2}
                                j - +2 ring of intelligence

@: agile, lethally poisoned (-25 -> -26), heroism, finesse, very slightly
contaminated, very resistant to hostile enchantments, fairly stealthy
A: unfitting armour, claws 3, fast metabolism 3, gourmand, regeneration 2,
shaggy fur 1, teleportitis 1, tough skin 2, wild magic 1
a: Heroism, Finesse, Renounce Religion, Evoke Berserk Rage


You were on level 1 of the Depths.
You worshipped Okawaru.
Okawaru was extremely pleased with you.
You were very full.

You visited 3 branches of the dungeon, and saw 18 of its levels.
You also visited: Labyrinth, Ossuary, Bailey and Ice Cave.

You collected 588 gold pieces.

Inventory:

Missiles
 b - 3 curare-tipped needles
 n - 33 tomahawks of returning
 D - 12 javelins of penetration
 E - 15 large rocks (quivered)
 O - a throwing net
Armour
 a - a +1 robe
 t - a +0 shield of reflection (worn)
 A - a +0 robe of magic resistance (worn)
 F - a +2 hat (worn)
 H - a +0 robe of fire resistance
Magical Staves
 r - an uncursed staff of wizardry
 S - an uncursed staff of air
Jewellery
 j - a +2 ring of intelligence (left claw)
 w - an uncursed amulet of stasis
 I - an amulet of rage (around neck)
 R - the ring "Omeplir" (right claw) {rN+ Slay+2}
   (You found it in a labyrinth)

   [ring of slaying]

   It affects your accuracy and damage with ranged weapons and melee attacks
   (+2).
   It protects you from negative energy.
 T - an uncursed ring of teleportation
Wands
 f - a wand of hasting (4)
 m - a wand of digging (8)
 s - a wand of fire (7)
 u - a wand of random effects (36)
 B - a wand of lightning (10)
 J - a wand of magic darts (25)
 K - a wand of confusion (20)
 L - a wand of confusion (27)
 M - a wand of confusion (21)
 N - a wand of polymorph (13)
 P - a wand of enslavement (15)
Scrolls
 v - 5 scrolls of enchant armour
 y - 4 scrolls of vulnerability
 z - a scroll of remove curse
Potions
 e - 2 potions of mutation
 h - a potion of degeneration
 k - a potion of curing
 l - a potion of resistance
 x - a potion of flight
Books
 Q - a book of Transfigurations

   Spells                             Type                      Level
   a - Stoneskin                      Transmutation/Earth          2
   b - Irradiate                      Conjuration/Transmutation    5
   c - Statue Form                    Transmutation/Earth          6
   d - Hydra Form                     Transmutation                6
   e - Dragon Form                    Transmutation                7
 U - a book of Unlife

   Spells                             Type                      Level
   a - Recall                         Summoning/Translocation      3
   b - Animate Dead                   Necromancy                   4
   c - Control Undead                 Necromancy                   4
   d - Cigotuvi's Embrace             Necromancy                   5
   e - Death Channel                  Necromancy                   6
   f - Simulacrum                     Ice/Necromancy               6
 V - a book of Clouds

   Spells                             Type                      Level
   a - Mephitic Cloud                 Conjuration/Poison/Air       3
   b - Conjure Flame                  Conjuration/Fire             3
   c - Poisonous Cloud                Conjuration/Poison/Air       6
   d - Freezing Cloud                 Conjuration/Ice/Air          6
   e - Ring of Flames                 Charms/Fire                  7
Comestibles
 c - a royal jelly
 d - 6 bread rations
 g - a beef jerky
 i - a slice of pizza
 o - 8 chunks of flesh
 C - 3 fruits


   Skills:
 - Level 2.4(7.4) Fighting
 - Level 2.4(7.4) Dodging
 - Level 2.4(7.4) Shields
 * Level 21.0(26.0) Unarmed Combat
 - Level 8.0 Invocations


You had 13 spell levels left.
You didn't know any spells.

Dungeon Overview and Level Annotations

Branches:
Dungeon (15/15)            Temple (1/1) D:5            Lair (0/8) D:10
 Vaults (0/5) D:14         Depths (2/5) D:15
    Orc: D:9-12

Altars:
Ashenzari
Cheibriados
Elyvilon
Gozag
Kikubaaqudgha
Makhleb
Okawaru
Ru
Vehumet
Xom
Yredelemnul
Zin
The Shining One

Portals:
Trove: D:14 (give 2 scrolls of acquirement)


Innate Abilities, Weirdness & Mutations

You are too large for most types of armour.
You have claws for hands.
Your metabolism is lightning-fast.
You like to eat raw meat.
You heal very quickly.
You are covered in fur (AC +1).
You have very tough skin (AC +2).
You are occasionally teleported next to monsters.
Your spells are a little harder to cast, but a little more powerful.


Message History

The white draconian annihilator casts a spell.
The white draconian annihilator blinks!
E - 15 large rocks (gained 3)
You mangle the orc sorcerer!!
You kill the orc sorcerer!
Okawaru accepts your kill.
The hellwing disappears in a puff of smoke!
The naga mage gestures at you while chanting.
You resist with almost no effort.
Cornered, the naga mage turns to fight!
The naga mage casts a spell at you. You resist with almost no effort.
Items here: ( ))) [[[ †
Okay, then.
Evoke which item? (* to show all) (? for menu, Esc to quit)
Zapping:
m - a wand of digging (9)
Press: ? - help, Shift-Dir - straight line The rock shatters into small pieces.
This wand has 8 charges left.
The naga mage spits poison at you.
Your +0 shield of reflection reflects the splash of poison!
The splash of poison misses the naga mage.
Read which item? (? for menu, Esc to quit)
Okay, then.
Drink which item? (? for menu, Esc to quit)
Okay, then.
Drink which item? (? for menu, Esc to quit)
You feel agile all of a sudden.
The naga mage points at you and mumbles some strange words.
The poison arrow hits you!
You are poisoned.
* * * LOW HITPOINT WARNING * * *
You hear a shout!
Unknown command.
An ogre mage comes into view. It is wielding a flail.
You feel sick. You block the naga mage's attack.
The naga mage closely misses you.
The white draconian annihilator points at you and mumbles some strange words.
The iron shot hits you!
Ouch! That really hurt!
You die...

#.............
#.............
#.............
#............. ####
#............. .....
#...).........
.....O######.............
q.⌠.q..)N.....)..........
#...####@................
# #.#................
###................
#................
#...#######+###..
#...'.........+..
#...#######.###.. #...#
####.# #.. #...# #....#
#..


You could see a white draconian annihilator, an ogre mage and a naga mage.

Vanquished Creatures
  A lich (Depths:1)
  Donald (D:14)
  Maud (D:10)
  An orc warlord (Bailey)
  3 stone giants (Depths:1)
  An ettin (Depths:1)
  A minotaur (Lab)
  A fire dragon (D:14)
  2 ogre magi
  An entropy weaver (Depths:1)
  An ice dragon (Depths:1)
  A hydra (D:15)
  A centaur warrior (D:15)
  A tengu warrior (D:13)
  Urug (D:10)
  5 skeletal warriors
  The ghost of Implojin the Grappler, a novice TrMo of Cheibriados (Lab)
  An orc knight (Bailey)
  7 hill giants
  16 ugly things
  A wizard (D:15)
  2 orc sorcerers (Depths:1)
  A cyclops (D:13)
  A griffon (D:13)
  A centaur zombie (D:15)
  A kobold demonologist (D:15)
  A yaktaur (Depths:1)
  3 tengu conjurers
  2 trolls
  A wind drake (shapeshifter) (D:15)
  A freezing wraith (D:14)
  2 two-headed ogres
  10 slime creatures (D:15)
  A slime creature (shapeshifter) (D:15)
  14 humans
  10 yaks
  3 redbacks (Depths:1)
  A wyvern (shapeshifter) (D:15)
  2 wyverns
  A steam dragon (D:9)
  2 basilisks
  A shadow (D:14)
  2 vampire mosquitoes (D:15)
  A mottled dragon (D:15)
  3 sky beasts
  A black bear (D:10)
  An ice beast (D:10)
  A phantom (D:14)
  5 boggarts (D:15)
  5 ogres
  5 orc warriors
  4 centaurs
  A crocodile (D:14)
  A big kobold (D:7)
  A brain worm (D:13)
  2 elf zombies
  A wyvern zombie (D:14)
  A water moccasin skeleton (D:4)
  6 killer bees (D:13)
  A crimson imp (D:14)
  A giant frog zombie (D:6)
  2 iguanas
  5 jellies
  2 human zombies (D:8)
  An orc priest (D:14)
  3 giant frog skeletons
  6 centaur skeletons
  2 human skeletons (D:8)
  4 hounds
  2 worker ants
  5 hell rats (D:10)
  A big kobold zombie (Ossuary)
  3 hound zombies (Ossuary)
  3 mummies (Ossuary)
  8 gnolls
  2 adders (D:2)
  A shadow imp (D:14)
  12 white imps (D:13)
  2 adder zombies (Ossuary)
  A worm (D:2)
  A giant gecko (D:8)
  7 orcs
  A ball python (Temple)
  2 bats (D:3)
  A gnoll zombie (Ossuary)
  8 goblins
  3 hobgoblins
  4 jackals (D:7)
  4 quokkas
  A giant cockroach (D:2)
  A giant gecko zombie (D:7)
  A giant newt (D:2)
  3 goblin zombies (Ossuary)
  4 hobgoblin zombies (Ossuary)
  6 jackal zombies (Ossuary)
  15 kobolds
  2 kobold zombies (Ossuary)
  An orc skeleton (D:8)
  5 quokka zombies (Ossuary)
  A rat (D:10)
  3 rat zombies (Ossuary)
292 creatures vanquished.

Vanquished Creatures (others)
  A white imp (IceCv)
  An ufetubus (IceCv)
2 creatures vanquished.

Grand Total: 294 creatures vanquished

Notes
Turn   | Place    | Note
--------------------------------------------------------------
     0 | D:1      | Implojin the Troll Fighter began the quest for the Orb.
     0 | D:1      | Reached XP level 1. HP: 22/22 MP: 0/0
    73 | D:2      | Reached XP level 2. HP: 26/29 MP: 1/1
   105 | D:2      | Reached skill level 3 in Unarmed Combat
   144 | D:2      | Reached XP level 3. HP: 33/36 MP: 2/2
   441 | D:5      | Entered Level 5 of the Dungeon
   441 | D:5      | Found a staircase to the Ecumenical Temple.
   441 | D:5      | Noticed a centaur
   443 | D:5      | Noticed an ogre
   481 | D:4      | Found a glowing silver altar of Zin.
   510 | D:4      | Noticed an ogre
   526 | D:4      | HP: 1/36 [water moccasin skeleton (1)]
   527 | D:4      | Reached skill level 4 in Unarmed Combat
   527 | D:4      | Reached XP level 4. HP: 1/44 MP: 3/3
   591 | Temple   | Entered the Ecumenical Temple
   614 | Temple   | Became a worshipper of Warmaster Okawaru
   670 | Temple   | Killed a centaur
   670 | Temple   | Reached skill level 5 in Unarmed Combat
   670 | Temple   | Reached XP level 5. HP: 23/50 MP: 4/4
   679 | Temple   | HP: 2/50 [iguana (14)]
   725 | D:5      | Reached * piety under Okawaru
   728 | D:5      | Reached skill level 6 in Unarmed Combat
   730 | D:5      | Killed an ogre
   730 | D:5      | Reached XP level 6. HP: 50/59 MP: 2/5
   857 | D:7      | Reached skill level 7 in Unarmed Combat
   898 | D:7      | Found a shimmering altar of Xom.
   966 | D:7      | Found a flagged portal.
   971 | Bailey   | Entered a bailey
   977 | Bailey   | Noticed an orc warlord
   993 | Bailey   | Reached skill level 8 in Unarmed Combat
   993 | Bailey   | Reached XP level 7. HP: 66/66 MP: 6/6
  1012 | Bailey   | Noticed an orc knight
  1035 | Bailey   | Killed an orc knight
  1035 | Bailey   | Reached ** piety under Okawaru
  1035 | Bailey   | Reached skill level 9 in Unarmed Combat
  1035 | Bailey   | Reached XP level 8. HP: 40/74 MP: 5/7
  1047 | Bailey   | Reached skill level 10 in Unarmed Combat
  1078 | Bailey   | Found a runed gate.
  1080 | Bailey   | Found a runed gate.
  1082 | Bailey   | Found a runed gate.
  1102 | Bailey   | Reached *** piety under Okawaru
  1246 | Bailey   | Killed an orc warlord
  1246 | Bailey   | Reached **** piety under Okawaru
  1246 | Bailey   | Reached skill level 12 in Unarmed Combat
  1246 | Bailey   | Reached XP level 9. HP: 24/80 MP: 6/8
  1445 | D:8      | Found a sand-covered staircase.
  1485 | Ossuary  | Entered an ossuary
  1675 | Ossuary  | Reached skill level 13 in Unarmed Combat
  1779 | D:8      | Reached ***** piety under Okawaru
  1834 | D:10     | Entered Level 10 of the Dungeon
  1868 | D:10     | Reached XP level 10. HP: 67/88 MP: 2/9
  1871 | D:10     | Reached skill level 14 in Unarmed Combat
  1874 | D:10     | Noticed a hill giant
  1883 | D:10     | Killed a hill giant
  1967 | D:10     | Found a staircase to the Lair.
  1984 | D:10     | Noticed a hill giant
  2012 | D:10     | Killed a hill giant
  2044 | D:10     | Noticed Urug
  2063 | D:10     | Killed Urug
  2063 | D:10     | Reached skill level 15 in Unarmed Combat
  2084 | D:10     | Noticed Maud
  2102 | D:10     | Killed Maud
  2102 | D:10     | Received a gift from Okawaru
  2184 | D:11     | Reached skill level 16 in Unarmed Combat
  2197 | D:11     | Noticed a hill giant
  2205 | D:11     | Reached XP level 11. HP: 94/94 MP: 7/10
  2212 | D:11     | Killed a hill giant
  2319 | D:14     | Found a gate to the Vaults.
  2319 | D:14     | Noticed a hill giant
  2319 | D:14     | Noticed Donald
  2319 | D:14     | Noticed a skeletal warrior
  2319 | D:14     | Noticed a fire dragon
  2329 | D:13     | Noticed a tengu warrior
  2340 | D:13     | Killed a tengu warrior
  2365 | D:13     | Identified a scroll of acquirement
  2481 | D:13     | Found a labyrinth entrance.
  2494 | Lab      | Entered a labyrinth
  2624 | Lab      | Noticed Implojin's ghost (novice TrMo)
  2631 | Lab      | Killed Implojin's ghost
  2748 | Lab      | Noticed a minotaur
  2754 | Lab      | Killed a minotaur
  2754 | Lab      | Received a gift from Okawaru
  2754 | Lab      | Reached skill level 17 in Unarmed Combat
  2763 | Lab      | Got a sparkling bone ring
  2779 | Lab      | Identified the ring "Omeplir" {rN+ Slay+2} (You found it in a labyrinth)
  2868 | D:13     | Noticed a hill giant
  2875 | D:13     | Killed a hill giant
  2921 | D:13     | Found a frozen archway.
  2977 | IceCv    | Entered an ice cave
  3259 | D:14     | Reached skill level 18 in Unarmed Combat
  3264 | D:14     | Gained mutation: Your spells are a little harder to cast, but a little more powerful. [potion of beneficial mutation]
  3305 | D:14     | Killed a hill giant
  3312 | D:14     | Reached XP level 12. HP: 99/104 MP: 5/11
  3319 | D:14     | Killed a fire dragon
  3352 | D:14     | Killed Donald
  3370 | D:14     | Killed a skeletal warrior
  3371 | D:14     | Received a gift from Okawaru
  3414 | D:14     | Found a portal to a secret trove of treasure.
  3464 | D:14     | Reached skill level 19 in Unarmed Combat
  3614 | D:15     | Entered Level 15 of the Dungeon
  3657 | D:15     | Reached skill level 1 in Invocations
  3669 | D:15     | Reached skill level 2 in Invocations
  3688 | D:15     | Reached skill level 3 in Invocations
  3702 | D:15     | Reached skill level 4 in Invocations
  3716 | D:15     | Reached skill level 5 in Invocations
  3771 | D:15     | Noticed an ogre mage
  3787 | D:15     | Killed an ogre mage
  3789 | D:15     | Noticed a centaur warrior
  3798 | D:15     | Killed a centaur warrior
  3798 | D:15     | Reached skill level 6 in Invocations
  3851 | D:15     | Noticed a seven-headed hydra
  3866 | D:15     | Killed a seven-headed hydra
  3866 | D:15     | Reached XP level 13. HP: 90/110 MP: 8/16
  3915 | D:15     | Reached ****** piety under Okawaru
  3915 | D:15     | Received a gift from Okawaru
  3915 | D:15     | Reached skill level 7 in Invocations
  3959 | D:15     | Reached skill level 8 in Invocations
  4462 | D:15     | Received a gift from Okawaru
  4467 | D:15     | Reached skill level 20 in Unarmed Combat
  4472 | D:15     | Found a staircase to the Depths.
  4485 | Depths:1 | Entered Level 1 of the Depths
  4514 | Depths:1 | Noticed a stone giant
  4517 | Depths:1 | Noticed a stone giant
  4536 | Depths:1 | Killed a stone giant
  4538 | Depths:1 | Killed a stone giant
  4576 | Depths:1 | Gained mutation: You are occasionally teleported next to monsters. [mutagenic glow]
  4640 | Depths:1 | Noticed a lich
  4652 | Depths:1 | Killed a lich
  4652 | Depths:1 | Received a gift from Okawaru
  4696 | Depths:1 | Noticed a stone giant
  4709 | Depths:1 | Killed a stone giant
  4723 | Depths:1 | Reached XP level 14. HP: 53/118 MP: 17/19
  4807 | Depths:1 | Noticed a white draconian annihilator
  4809 | Depths:1 | Reached skill level 21 in Unarmed Combat
  4824 | Depths:1 | Killed from afar by a white draconian annihilator

Action                   |  1- 3 |  4- 6 |  7- 9 | 10-12 | 13-15 || total
-------------------------+-------+-------+-------+-------+-------++-------
Melee: Unarmed           |    41 |    62 |   219 |   371 |   160 ||   853
       Staff             |       |       |       |       |    45 ||    45
Throw: Tomahawk          |       |       |     7 |    30 |    16 ||    53
       Throwing net      |       |       |     1 |       |     1 ||     2
       Large rock        |       |       |       |    28 |    40 ||    68
Invok: Heroism           |       |     3 |     3 |    21 |     9 ||    36
       Finesse           |       |       |     1 |     5 |     6 ||    12
Evoke: Wand              |     1 |       |       |     3 |     4 ||     8
  Use: Potion            |     1 |     4 |     2 |     3 |    11 ||    21
       Scroll            |       |     8 |     2 |     6 |     5 ||    21
 Stab: Sleeping          |     1 |     1 |       |     1 |       ||     3
       Held in net/web   |       |       |     1 |       |       ||     1
       Invisible         |       |       |       |     4 |       ||     4
  Eat: Chunk             |     3 |     7 |    10 |    20 |    12 ||    52

Table legend:
 A = Turns spent in this place as a percentage of turns spent in the entire game.
 B = Non-inter-level travel turns spent in this place as a percentage of non-inter-level travel turns spent in the entire game.
 C = Inter-level travel turns spent in this place as a percentage of turns spent in this place.
 D = Turns resting spent in this place as a percentage of non-inter-level travel turns spent in this place.
 E = Turns spent auto-exploring this place as a percentage of non-inter-level travel turns spent in this place.
 F = Non-inter-level travel turns spent in this place divided by the number of levels of this place that you've seen.
                   A       B       C       D       E      F
               +-------+-------+-------+-------+-------+----------------------
         Total | 100.0 | 100.0 |   0.0 |   0.3 |   0.0 | 215.2
       Dungeon |  73.3 |  73.3 |   0.0 |   0.1 |   0.0 | 231.5
        Temple |   1.9 |   1.9 |   0.0 |   2.2 |   0.0 |  91.0
        Depths |   7.1 |   7.1 |   0.0 |   2.4 |   0.0 | 167.0
     Labyrinth |   6.3 |   6.3 |   0.0 |   0.0 |   0.0 | 296.0
       Ossuary |   4.7 |   4.7 |   0.0 |   0.0 |   0.0 | 221.0
        Bailey |   6.4 |   6.4 |   0.0 |   0.0 |   0.0 | 303.0
      Ice Cave |   0.4 |   0.4 |   0.0 |   0.0 |   0.0 |  17.0
               +-------+-------+-------+-------+-------+----------------------

Table legend:
 A = Kills in this place as a percentage of kills in entire the game.
 B = Kills by you in this place as a percentage of kills by you in the entire game.
 C = Kills by friends in this place as a percentage of kills by friends in the entire game.
 D = Other kills in this place as a percentage of other kills in the entire game.
 E = Experience gained in this place as a percentage of experience gained in the entire game.
 F = Experience gained in this place divided by the number of levels of this place that you have seen.
                   A       B       C       D       E      F
               +-------+-------+-------+-------+-------+----------------------
         Total | 100.0 | 100.0 |  -nan | 100.0 | 100.0 | 3079.9
       Dungeon |  73.0 |  72.9 |  -nan | 100.0 |  69.2 | 3125.7
        Temple |   1.0 |   1.0 |  -nan |   0.0 |   0.2 | 154.0
        Depths |   6.5 |   6.5 |  -nan |   0.0 |  23.3 | 7882.0
     Labyrinth |   0.7 |   0.7 |  -nan |   0.0 |   2.8 | 1894.0
       Ossuary |  11.6 |  11.6 |  -nan |   0.0 |   0.4 | 267.0
        Bailey |   7.2 |   7.2 |  -nan |   0.0 |   4.1 | 2793.0
               +-------+-------+-------+-------+-------+----------------------
